 Dungeon Crawl Stone Soup version 0.30-a0-1018-g25214051b3 (webtiles) character file.

Game seed: 2163536436049582781

620815 cforsyth the Acrobat (level 27, -1/211 HPs)
             Began as an Octopode Summoner on Apr 6, 2023.
             Was a High Priest of Jiyva.
             Killed from afar by a wendigo (34 damage)
             ... with a seracfall
             ... on level 6 of Cocytus on Apr 8, 2023.
             The game lasted 03:53:45 (93427 turns).

cforsyth the Acrobat (Octopode Summoner)           Turns: 93427, Time: 03:53:46

Health: -1/211     AC: 23    Str:  9    XL:     27
Magic:  42/55      EV: 38    Int: 45    God:    Jiyva [*****.]
Gold:   1535       SH:  2    Dex: 10    Spells: 7/55 levels left

rFire   + . .      SeeInvis +    Z - melded +5 demon blade "Pezaj" {elec, rPois MP+9 Int+3}
rCold   + + +      Faith    .    (shield currently unavailable)
rNeg    + + +      Spirit   .    z - melded +2 hat
rPois   ∞          Reflect  .    g - amulet of the Four Winds {rN+ Will+++ Clar}
rElec   +          Rampage  .    n - ring "Tamul" {Wiz Drain rElec rC++ Slay+5}
rCorr   +          Clarity  +    U - ring "Quadicku" {MP+9 Int+5}
Will    +++++                    m - ring of protection from fire
Stlth   +++++                    K - ring "Gulecuhako" {rN+ Will+ EV+5 Stlth+}
HPRegen 1.99/turn                l - ring "Comn" {rPois rN+ Will+ Stlth+}
MPRegen 0.79/turn                G - ring of the Octopus King {rCorr HP+2 AC+2 EV+2 SH+2}
                                 R - ring of the Vendetta {rC+ rN+++ Int+6 Dex-2 Stlth+}
                                 D - ring "Doycawic" {MP+9 Int+6 Dex-2 Slay+6 SInv}

@: about to teleport, storm-form, flying, studying 4 skills, unable to drink
A: cleaving, insubstantial, flying, almost no armour, amphibious, 8 rings,
(camouflage 1), (gelatinous body 1), (nimble swimmer 1), (tentacles), (antennae
1), (tentacle spike 3), berserk 1, (cold resistance 3), deterioration 1, low MP
1, (engulf)
}: 3/15 runes: serpentine, barnacled, silver
a: Blinkbolt, End Transformation, Renounce Religion, Oozemancy, Slimify


You were on level 6 of Cocytus.
You worshipped Jiyva.
Jiyva was extremely pleased with you.
You were a lightning-filled tempest!
You visited 13 branches of the dungeon, and saw 58 of its levels.
You visited 1 bazaar.
You also visited: Volcano.

You collected 23788 gold pieces.
You spent 6447 gold pieces at shops.
You paid 15806 gold pieces to Gozag.

Inventory:

Hand Weapons
 Q - the +9 war axe of the Blind Eye {holy, rPois Will+ Int+2}
   (You found it on level 5 of the Lair of Beasts)

   Int:       It affects your intelligence (+2).
   rPois:     It protects you from poison.
   Will:      It increases your willpower.
 T - the +10 rapier of Uskayaw's Indignation {speed, *Noise rF++ Dex+6}
   (You bought it in a shop in a bazaar)

   Dex:       It affects your dexterity (+6).
   rF:        It greatly protects you from fire.
   *Noise:    It may make noises in combat.
 Z - the +5 demon blade "Pezaj" (melded) {elec, rPois MP+9 Int+3}
   (You took it off a hell knight on level 3 of the Depths)

   Int:       It affects your intelligence (+3).
   rPois:     It protects you from poison.
   MP:        It affects your magic capacity (+9).
Armour
 z - a +2 hat (melded)
Jewellery
 g - the amulet of the Four Winds (around neck) {rN+ Will+++ Clar}
   (You found it on level 4 of the Shoals)

   [amulet of nothing]

   rN:        It protects you from negative energy.
   Clar:      It protects you against confusion.
   Will:      It greatly increases your willpower.
 l - the ring "Comn" (on tentacle) {rPois rN+ Will+ Stlth+}
   (You found it on level 3 of the Elven Halls)

   [ring of positive energy]

   rPois:     It protects you from poison.
   rN:        It protects you from negative energy.
   Will:      It increases your willpower.
   Stlth:     It makes you more stealthy.
 m - a ring of protection from fire (on tentacle)
 n - the ring "Tamul" (left tentacle) {Wiz Drain rElec rC++ Slay+5}
   (You found it on level 1 of the Shoals)

   [ring of wizardry]

   It improves your spell success rate.
   Slay:      It affects your accuracy & damage with ranged weapons and melee
   (+5).
   rC:        It greatly protects you from cold.
   rElec:     It insulates you from electricity.
   Drain:     It drains your maximum health when unequipped.
 D - the ring "Doycawic" (on tentacle) {MP+9 Int+6 Dex-2 Slay+6 SInv}
   (You bought it in a shop on level 1 of the Lair of Beasts)

   [ring of intelligence]

   Int:       It affects your intelligence (+6).
   Dex:       It affects your dexterity (-2).
   Slay:      It affects your accuracy & damage with ranged weapons and melee
   (+6).
   MP:        It affects your magic capacity (+9).
   SInv:      It lets you see invisible.
 F - the ring "Pafor" {Fly rC+ Will+}
   (You took it off a tengu reaver on level 4 of the Vaults)

   [ring of flight]

   rC:        It protects you from cold.
   Fly:       It grants you flight.
   Will:      It increases your willpower.
 G - a ring of the Octopus King (on tentacle) {rCorr HP+2 AC+2 EV+2 SH+2}
   (You took it off a deep elf death mage on level 5 of the Vaults)

   [ring of resist corrosion]

   AC:        It affects your AC (+2).
   EV:        It affects your evasion (+2).
   HP:        It affects your health (+2).
   rCorr:     It protects you from acid and corrosion.
   SH:        It affects your SH (+2).
 K - the ring "Gulecuhako" (on tentacle) {rN+ Will+ EV+5 Stlth+}
   (You took it off a merfolk siren on level 4 of the Shoals)

   [ring of evasion]

   EV:        It affects your evasion (+5).
   rN:        It protects you from negative energy.
   Will:      It increases your willpower.
   Stlth:     It makes you more stealthy.
 P - the ring of Pudorche {Wiz rPois MP+9 Str-4 Dex-3}
   (You bought it in a shop on level 1 of the Lair of Beasts)

   [ring of wizardry]

   It improves your spell success rate.
   Str:       It affects your strength (-4).
   Dex:       It affects your dexterity (-3).
   rPois:     It protects you from poison.
   MP:        It affects your magic capacity (+9).
 R - the ring of the Vendetta (on tentacle) {rC+ rN+++ Int+6 Dex-2 Stlth+}
   (You bought it in a shop on level 1 of the Lair of Beasts)

   [ring of intelligence]

   Int:       It affects your intelligence (+6).
   Dex:       It affects your dexterity (-2).
   rC:        It protects you from cold.
   rN:        It renders you almost immune to negative energy.
   Stlth:     It makes you more stealthy.
 U - the ring "Quadicku" (right tentacle) {MP+9 Int+5}
   (You bought it in a shop on level 1 of the Lair of Beasts)

   [ring of magical power]

   Int:       It affects your intelligence (+5).
   MP:        It affects your magic capacity (+9).
Wands
 q - a wand of flame (62)
 y - a wand of iceblast (46)
 B - a wand of quicksilver (35)
 H - a wand of polymorph (6)
 O - a wand of paralysis (27)
 S - a wand of digging (15)
 W - a wand of mindburst (3)
Scrolls
 e - 8 scrolls of teleportation
 h - 17 scrolls of vulnerability
 j - 8 scrolls of fear
 p - 4 scrolls of silence
 t - 5 scrolls of magic mapping
 v - 6 scrolls of poison
 w - 6 scrolls of immolation
 E - 5 scrolls of enchant armour
 I - 2 scrolls of identify
 J - 3 scrolls of torment
 L - 10 scrolls of fog
 M - 9 scrolls of amnesia
 N - a scroll of butterflies
 V - 6 scrolls of blinking
 Y - 2 scrolls of enchant weapon
Potions
 a - 6 potions of magic
 b - 6 potions of haste
 c - 2 potions of invisibility
 d - 3 potions of berserk rage
 f - 5 potions of lignification
 i - 7 potions of might
 k - 18 potions of curing
 o - 3 potions of brilliance
 r - 7 potions of mutation
 s - 5 potions of resistance
 u - 3 potions of cancellation
 x - 7 potions of flight
 A - 4 potions of attraction
 C - 7 potions of heal wounds
 X - 3 potions of ambrosia


   Skills:
 + Level 22.5 Fighting
 + Level 23.7 Dodging
 - Level 2.6 Stealth
 + Level 21.7 Unarmed Combat
 + Level 14.8 Spellcasting
 - Level 4.0 Hexes
 + Level 14.1 Summonings
 - Level 10.0 Translocations
 + Level 17.7 Transmutations
 + Level 17.0 Air Magic


You had 7 spell levels left.
You knew the following spells:

 Your Spells              Type           Power      Damage    Failure   Level
a - Storm Form            Tmut/Air       56%        N/A       1%          7
b - Manifold Assault      Tloc           89%        N/A       1%          4
c - Call Canine Familiar  Summ           100%       N/A       0%          3
d - Summon Guardian Gole  Hex/Summ       86%        N/A       1%          3
e - Summon Lightning Spi  Summ/Air       100%       N/A       0%          4
f - Summon Forest         Summ/Tloc      48%        N/A       1%          5
g - Summon Cactus Giant   Summ           51%        N/A       1%          6
h - Summon Mana Viper     Hex/Summ       86%        N/A       1%          5
i - Call Imp              Summ           100%       N/A       0%          2
j - Summon Small Mammal   Summ           100%       N/A       0%          1
k - Maxwell's Capacitive  Air            56%        ∞         1%          8

Your spell library contained the following spells:

 Spells                   Type           Power      Damage    Failure   Level
 Blink                    Tloc           100%       N/A       0%          2
 Vhi's Electric Charge    Tloc/Air       100%       N/A       0%          3
 Blade Hands              Tmut           57%        N/A       0%          5
 Necrotise                Necr           100%       1d9       1%          1
 Slow                     Hex            100%       N/A       1%          1
 Cigotuvi's Dreadful Rot  Necr/Pois/Air  100%       N/A       1%          2
 Momentum Strike          Conj/Tloc      100%       3d10      1%          2
 Poisonous Vapours        Pois/Air       100%       N/A       1%          2
 Scorch                   Fire           66%        2d8       1%          2
 Confusing Touch          Hex            63%        N/A       1%          3
 Dazzling Flash           Conj/Hex       100%       N/A       1%          3
 Frozen Ramparts          Ice            66%        1d10      1%          3
 Ignite Poison            Fire/Tmut/Pois 72%        N/A       1%          3
 Inner Flame              Hex/Fire       51%        N/A       1%          3
 Mephitic Cloud           Conj/Pois/Air  71%        N/A       1%          3
 Ozocubu's Armour         Ice            33%        N/A       1%          3
 Portal Projectile        Hex/Tloc       100%       N/A       1%          3
 Stone Arrow              Conj/Erth      66%        3d11      1%          3
 Vampiric Draining        Necr           33%        2d8       1%          3
 Volatile Blastmotes      Fire/Tloc      100%       2d18      1%          3
 Anguish                  Hex/Necr       25%        N/A       1%          4
 Cause Fear               Hex            31%        N/A       1%          4
 Fulminant Prism          Conj/Hex       25%        3d14      1%          4
 Ice Form                 Ice/Tmut       85%        N/A       1%          4
 Iskenderun's Mystic Bla  Conj/Tloc      68%        2d14      1%          4
 Summon Ice Beast         Ice/Summ       77%        N/A       1%          4
 Arcjolt                  Conj/Air       42%        1d52      1%          5
 Freezing Cloud           Conj/Ice/Air   35%        6-21      1%          5
 Irradiate                Conj/Tmut      42%        3d25      1%          5
 Silence                  Hex/Air        45%        N/A       1%          5
 Yara's Violent Unravell  Hex/Tmut       46%        3d18      1%          5
 Dispersal                Tloc           44%        N/A       1%          6
 Eringya's Noxious Bog    Tmut/Pois      42%        N/A       1%          6
 Statue Form              Tmut/Erth      56%        N/A       1%          6
 Dragon Form              Tmut           57%        N/A       1%          7
 Malign Gateway           Summ/Tloc      48%        N/A       1%          7
 Summon Hydra             Summ           51%        N/A       1%          7
 Animate Dead             Necr           33%        N/A       3%          4
 Dispel Undead            Necr           33%        3d14      3%          4
 Flame Wave               Conj/Fire      33%        2d10      3%          4
 Olgreb's Toxic Radiance  Pois           33%        N/A       3%          4
 Sticky Flame             Conj/Fire      33%        2d5       3%          4
 Metabolic Englaciation   Hex/Ice        25%        N/A       3%          5
 Agony                    Necr           33%        N/A       9%          5
 Iskenderun's Battlesphe  Conj           33%        2d9       9%          5
 Lee's Rapid Deconstruct  Erth           16%        3d10*     9%          5
 Haunt                    Necr/Summ      38%        N/A       14%         7
 Spellforged Servitor     Conj/Summ      38%        N/A       14%         7
 Death Channel            Necr           16%        N/A       41%         6
 Iron Shot                Conj/Erth      16%        9d4       41%         6
 Simulacrum               Ice/Necr       16%        N/A       41%         6
 Starburst                Conj/Fire      16%        6d6       41%         6
 Enfeeble                 Hex            31%        N/A       43%         7
 Ozocubu's Refrigeration  Ice            16%        4d11      92%         7
 Summon Horrible Things   Summ           51%        N/A       6%          8
 Disjunction              Tloc           44%        N/A       32%         8
 Necromutation            Tmut/Necr      42%        N/A       45%         8
 Dragon's Call            Summ           51%        N/A       65%         9
 Discord                  Hex            31%        N/A       97%         8
 Borgnjor's Revivificati  Necr           16%        N/A       100%        8
 Ignition                 Fire           16%        3d7       100%        8
 Infestation              Necr           16%        N/A       100%        8
 Lehudib's Crystal Spear  Conj/Erth      16%        10d5      100%        8
 Chain Lightning          Conj/Air       42%        3d56      100%        9
 Death's Door             Necr           16%        N/A       100%        9
 Fire Storm               Conj/Fire      16%        8d4       100%        9
 Shatter                  Erth           16%        3d16*     100%        9
 Animate Armour           Summ/Erth      Unusable   N/A       N/A         4

Dungeon Overview and Level Annotations

Branches:
Dungeon (15/15)            Temple (1/1) D:6            Lair (5/5) D:10
 Shoals (4/4) Lair:3        Snake (4/4) Lair:2        Slime (5/5) Lair:4
    Orc (2/2) D:11            Elf (3/3) Orc:2        Vaults (5/5) D:14
  Crypt (3/3) Vaults:3       Tomb (0/3) Crypt:3      Depths (4/4) D:15
   Hell (visited)             Dis (0/7) Hell            Geh (0/7) Hell
    Coc (6/7) Hell            Tar (0/7) Hell            Zot (0/5) Depths:4
Volcano (visited)

Altars:
Ashenzari
Cheibriados
Dithmenos
Elyvilon
Fedhas
Gozag
Hepliaklqana
Kikubaaqudgha
Makhleb
Nemelex Xobeh
Okawaru
Qazlal
Ru
Sif Muna
Trog
Uskayaw
Vehumet
Wu Jian
Xom
Yredelemnul
Zin
The Shining One
Jiyva

Shops:
D:3 ?[[:[   D:4 [   D:13 !   Orc:2 !*=[   Elf:1 !   Elf:2 *   Elf:3 *
Lair:1 !==!*::==*=   Shoals:1 ?   Snake:4 !*?   Vaults:2 [   Depths:1 ((*[(
Depths:4 (

Portals:
Hell: Depths:1 Depths:2 Depths:3 Depths:4
Abyss: D:7 Depths:3
Pandemonium: Orc:2 Depths:2 Depths:4
Ziggurat: Depths:1

Annotations:
Slime:5 Royal Jelly


Innate Abilities, Weirdness & Mutations

You are a lightning-filled tempest!
Your electrical attacks strike out in all directions at once.
You are incredibly evasive.
Your insubstantial body is immune to petrification, constriction, and being set on fire You are flying.
You are immune to poison.
Your armour is entirely melded.
You are incapable of wielding weapons or throwing items.
You cannot wear most types of armour.
You are amphibious.
You can wear up to eight rings at the same time.
((Your skin changes colour to match your surroundings (Stealth+).))
((Your rubbery body absorbs attacks. (AC +1, EV +1)))
((You are camouflaged when in or above water. (Stealth+)))
((You have tentacles for arms and can constrict up to eight enemies at once.))
((You have a pair of small antennae on your head.))
((One of your tentacles bears a large vicious spike.))
You sometimes lose your temper in combat.
((Your flesh is almost immune to the effects of cold. (rC+++)))
Your body sometimes deteriorates upon taking damage.
Your magical capacity is low. (-10% MP)
((Your melee attacks may engulf your foes in ooze.))


Message History

The Ice Fiend gestures at you. The bolt of cold hits you. You resist.
You resist with almost no effort. The wendigo completely misses you. x2
You batter the nargun!!
You destroy the nargun!
You closely miss the wendigo.
You blast the wendigo!!!
Your punch misses the wendigo.
The wendigo is severely wounded.
You batter the shard shrike!!
Lightning courses through the shard shrike!
The shard shrike completely misses you. The wendigo claws you!
The wendigo freezes you! You resist. The wendigo bites you!
You buffet the wendigo!
Lightning courses through the wendigo!!
You kill the wendigo!
A shard shrike comes into view.
The shard shrike claws you! The shard shrike freezes you! You resist.
The shard shrike completely misses you.
A dire elephant simulacrum comes into view.
The shard shrike screeches!
You blast the shard shrike!!!!
You kill the shard shrike!
You batter the shard shrike!! The shard shrike claws you!
* * * LOW HITPOINT WARNING * * *
The shard shrike freezes you! You resist.
* * * LOW HITPOINT WARNING * * *
An elemental wellspring comes into view.
The Ice Fiend calls on the powers of darkness!
The shard shrike convulses!
Your body is wracked with pain!
* * * LOW HITPOINT WARNING * * *
The titan convulses!
The shard shrike barely misses you.
An ettin simulacrum comes into view.
Your life force feels restored.
It's too cold; everything's frozen solid!
As you read the scroll of teleportation, it crumbles to dust.
You feel strangely unstable.
A caustic shrike simulacrum comes into view.
The wendigo gestures.
The ettin simulacrum collapses into a mass of ice!
The mass of ice explodes!
The seracfall engulfs you!! You partially resist.
You die...

≈≈## ≈.≈## ##≈
#≈.≈##≈≈.
#≈..≈≈..≈
##≈≈...≈≈≈
≈≈####≈≈...≈#
≈≈≈≈≈≈≈..b≈≈#
≈≈≈≈≈b9v..≈##
≈~.....†..≈≈## ≈
E..>...≈≈.≈≈≈#≈≈
≈≈....≈≈≈..1≈≈Z≈
≈≈≈≈...R.○..^.Z.
####≈≈.††......Z
###≈†∩.....Z.
##EC..Z≈≈≈≈
#≈≈.§§≈Z≈≈


You could see a titan, 2 shard shrikes, an Ice Fiend, a wendigo, an elemental
wellspring, a nargun, a water elemental (summoned), a dire elephant simulacrum,
an ettin simulacrum, a titan simulacrum and a caustic shrike simulacrum.

Vanquished Creatures
  2 dread liches
  2 ancient liches
  3 juggernauts
  8 shard shrikes
  Sojobo (Vaults:1)
  Boris (4 times) (Vaults:4 Crypt:1 Crypt:3 Depths:3)
  5 caustic shrikes (Depths:4)
  A curse toe (Crypt:3)
  Geryon (Hell)
  Xtahua (Crypt:3)
  3 golden dragons
  Jory (Crypt:3)
  the Enchantress (Depths:4)
  A bone dragon (Depths:2)
  A hellephant (Hell)
  2 Ice Fiends
  3 liches
  2 deep elf blademasters
  5 titans
  A tainted leviathan (Hell)
  A walking divine tome (Depths:2)
  Asterion (Depths:2)
  3 deep elf master archers
  5 sphinxes
  14 acid blobs
  A kraken (Shoals:3)
  The ghost of Feshunla the Bewitcher, an adept KoEn of Dithmenos (Vaults:4)
  12 ancient champions
  Polyphemus (Shoals:3)
  8 tengu reavers
  5 shadow dragons
  3 revenants
  6 storm dragons
  6 narguns
  A draconian knight (Depths:4)
  A draconian monk (Depths:4)
  3 azure jellies
  Ilsuiw (Shoals:1)
  10 rockslimes
  18 frost giants
  10 fire giants
  An iron dragon (Depths:1)
  15 vault wardens
  6 deep elf sorcerers
  A balrug (Hell)
  A caustic shrike zombie (Depths:2)
  A juggernaut zombie (Depths:2)
  14 ironbound preservers
  3 shard shrike simulacra
  7 ghouls
  2 curse skulls (Crypt:2)
  3 orc warlords
  2 cacodemons
  2 deep elf elementalists
  5 spriggan defenders
  2 juggernaut skeletons
  6 quicksilver oozes
  5 reapers
  9 caustic shrike skeletons
  19 stone giants
  4 ironbound thunderhulks
  8 very ugly things
  9 vampire knights
  8 elemental wellsprings
  9 dire elephants
  9 deep elf demonologists
  A lorocyproca (Hell)
  5 putrid mouths (Hell)
  A white draconian (Depths:4)
  A green draconian (Depths:4)
  6 wendigos
  A black draconian (Depths:4)
  9 spark wasps
  A red draconian (Depths:4)
  6 deep elf annihilators (Elf:3)
  3 merfolk javelineers
  5 eidola
  A crystal guardian (Depths:4)
  2 entropy weavers (Vaults:2)
  3 iron golems (Depths:4)
  2 blizzard demons (Hell)
  12 merfolk impalers
  12 ettins
  11 deep elf death magi
  8 great orbs of eyes
  A quicksilver dragon zombie (Depths:2)
  5 deep elf high priests
  5 jiangshi
  A mummy priest (Crypt:3)
  7 fire dragons
  13 yaktaur captains
  13 ice dragons
  2 fenstrider witch zombies
  A quicksilver dragon skeleton (Depths:2)
  3 rakshasas
  A hell beast (Hell)
  29 vault guards
  A spriggan zombie (Depths:2)
  5 spriggan air magi
  3 merfolk avatars
  8 caustic shrike simulacra
  3 juggernaut simulacra
  8 centaur warriors
  5 anacondas (Snake:4)
  5 spriggan skeletons (Crypt:3)
  7 ironbound frosthearts
  An ogre mage (Vaults:5)
  2 alligator snapping turtles
  2 death knights
  5 boulder beetles
  4 merfolk aquamancers
  3 catoblepae
  A two-headed ogre (shapeshifter) (Depths:2)
  5 deep troll shamans
  2 deep troll earth magi
  4 tengu warriors (Depths:3)
  21 dancing weapons
  A death yak (Shoals:3)
  4 naga warriors (Snake:4)
  9 vampire magi
  4 hell hogs (Hell)
  3 orc high priests
  2 naga sharpshooters (Snake:4)
  2 titan zombies (Depths:2)
  6 spriggan berserkers
  4 shock serpents (Snake:4)
  2 crystal echidnas
  4 sun demons
  9 deep elf knights
  24 hell knights
  A storm dragon zombie (Depths:2)
  4 titan skeletons (Crypt:3)
  9 iron trolls
  A skyshark (Shoals:2)
  10 soul eaters
  24 skeletal warriors
  4 quicksilver dragon simulacra
  2 shadow wraiths (Crypt:2)
  53 deep trolls
  2 salamander mystics
  13 sea snakes
  2 bunyip skeletons (Crypt:3)
  6 flayed ghosts
  10 deep elf archers
  2 orange crystal statues (Hell)
  2 golden dragon skeletons
  A spriggan simulacrum (Coc:4)
  A glowing orange brain (Vaults:2)
  An anaconda skeleton (Hell)
  9 wizards
  11 lindwurms
  8 orc knights
  19 phantasmal warriors
  16 ironbound convokers
  7 necromancers
  12 harpies
  A fenstrider witch simulacrum (Coc:2)
  17 deep elf pyromancers
  27 deep elf zephyrmancers
  28 ugly things
  2 iron dragon zombies
  A sphinx zombie (Depths:2)
  4 fauns
  5 shining eyes
  A stone giant zombie (Vaults:4)
  6 salamanders
  A cyclops (Shoals:4)
  3 mana vipers
  4 shadow dragon skeletons
  A frost giant skeleton (Crypt:3)
  A moth of wrath (shapeshifter) (Vaults:5)
  8 manticores
  111 slime creatures
  4 iron dragon skeletons
  A stone giant skeleton (Hell)
  4 eyes of devastation
  9 merfolk sirens
  5 molten gargoyles (Hell)
  11 water nymphs
  3 guardian serpents (Snake:4)
  20 vault sentinels
  9 black mambas (Snake:4)
  7 smoke demons
  2 titan simulacra
  A storm dragon simulacrum (Crypt:1)
  A naga zombie (Crypt:1)
  A cane toad (shapeshifter) (Vaults:2)
  5 orange demons
  A dire elephant skeleton (Hell)
  2 naga skeletons (Crypt:3)
  3 centaur skeletons
  2 ice devils (Depths:4)
  2 elf skeletons
  5 hellions
  2 bunyip simulacra
  8 freezing wraiths
  3 tormentors
  A golden dragon simulacrum (Coc:3)
  2 tengu conjurers
  13 yaktaurs
  6 anaconda simulacra
  An iron giant simulacrum (Coc:4)
  A hydra zombie (Crypt:3)
  8 merfolk
  A human skeleton (Vaults:4)
  6 guardian mummies (Crypt:3)
  A harpy zombie (Hell)
  5 hornets (Depths:4)
  A red devil (Hell)
  A troll (Vaults:5)
  A mana viper skeleton (Crypt:1)
  4 wind drakes
  2 harpy skeletons (Crypt:3)
  2 blink frogs
  An iron dragon simulacrum (Coc:3)
  8 snapping turtles
  A dream sheep (shapeshifter) (Vaults:5)
  A black mamba zombie (Crypt:1)
  3 dream sheep (Shoals:1)
  5 flying skulls (Crypt:3)
  An ettin skeleton (Crypt:3)
  6 spriggans (Depths:4)
  A culicivora (Vaults:2)
  2 air elementals (Elf:3)
  11 water elementals
  A black mamba skeleton (Crypt:3)
  3 wraiths
  3 dire elephant simulacra
  A tyrant leech zombie (Crypt:3)
  A fire bat (Volcano)
  4 fire elementals
  An elf zombie (Vaults:4)
  An alligator snapping turtle simulacrum (Coc:2)
  A golden eye (Slime:5)
  5 redbacks
  A faun zombie (Crypt:2)
  A naga (Snake:4)
  A fire bat zombie (Crypt:3)
  14 harpy simulacra
  6 hell hounds
  A faun skeleton (Crypt:1)
  A hydra simulacrum (Coc:4)
  A two-headed ogre skeleton (Crypt:1)
  A glowing shapeshifter skeleton (Depths:2)
  5 orc warriors
  4 ettin simulacra
  An ogre (Elf:2)
  A snapping turtle zombie (Crypt:2)
  A manticore zombie (Crypt:1)
  A wolf (Lair:3)
  A dream sheep skeleton (Crypt:1)
  3 centaurs (D:13)
  A bullfrog (Lair:3)
  3 necrophages (Crypt:1)
  8 earth elementals
  A naga simulacrum (Coc:6)
  15 wights (Crypt:3)
  A polar bear skeleton (Crypt:2)
  A lava snake (D:13)
  3 orc priests (Orc:2)
  2 orc wizards
  4 hell rats (Hell)
  An ice beast zombie (Crypt:2)
  A swamp drake zombie (Crypt:2)
  A jelly zombie (Crypt:3)
  A worm (D:2)
  6 orcs
  2 endoplasms
  2 giant cockroaches (D:2)
  3 hobgoblins
  2 jackals
  2 quokkas
  2 ball pythons
  A ball python skeleton (Crypt:2)
  A bat (D:2)
  An endoplasm zombie (Crypt:2)
  A frilled lizard (D:2)
  A giant cockroach zombie (Crypt:2)
  6 goblins
  A jackal zombie (Crypt:2)
  2 kobolds (D:2)
  A rat (D:3)
  2 tentacles (Shoals:3)
1452 creatures vanquished.

Vanquished Creatures (collateral kills)
  A dread lich (Vaults:4)
  Mara (Vaults:3)
  Mennas (Vaults:3)
  The ghost of Joextigh the Crack Shot, a veteran KoHu of Okawaru (Vaults:4)
  The ghost of Reyb the Executioner, a veteran DsGl of Okawaru (Vaults:4)
  The ghost of Zissick the Minotaur Blade, an adept MiBr of Okawaru (Vaults:4)
  Jorgrun (Snake:2)
  The ghost of Rudyous the Warrior, an adept DjFE of Ashenzari (Snake:4)
  2 hellephants (Vaults:4)
  Rupert (Lair:3)
  The ghost of Iluymox the Imperceptible, an adept KoBr of Hepliaklqana (Vaults:4)
  The ghost of Naox the Unseen, an adept KoAr of Uskayaw (Vaults:4)
  Agnes (Snake:2)
  The ghost of Pileu the Eclecticist, an adept DsFE of Sif Muna (Vaults:4)
  Donald (Elf:3)
  2 nagarajas
  Louise (Snake:2)
  An ironbound preserver (Vaults:2)
  An ironbound thunderhulk (Vaults:3)
  A stone giant (Depths:4)
  5 very ugly things
  2 red draconians
  A purple draconian (Depths:4)
  A deep elf annihilator (Elf:3)
  2 dire elephants (Vaults:3)
  The ghost of kiwi3s the Fighter, a journeyman MiBe of Trog (D:11)
  3 ettins
  2 merfolk javelineers
  4 yaktaur captains
  2 merfolk impalers (Shoals:4)
  A vault guard (Vaults:4)
  3 salamander tyrants
  6 hydras
  A catoblepas (D:11)
  2 merfolk avatars
  An alligator snapping turtle (Shoals:4)
  2 demonspawn (Orc:2)
  3 ogre magi
  11 anacondas
  13 boulder beetles
  A death knight (D:11)
  5 centaur warriors
  A deep troll earth mage (Depths:2)
  7 naga sharpshooters
  16 naga warriors
  6 two-headed ogres
  4 dancing weapons (Elf:2)
  3 tengu warriors
  6 death yaks
  11 hell knights
  5 orc high priests (Orc:2)
  2 shock serpents (Snake:4)
  Urug (Orc:2)
  5 deep elf knights
  An iron troll (Depths:2)
  A sixfirhy (Orc:2)
  5 skysharks
  A fire crab (shapeshifter) (D:14)
  6 skeletal warriors
  3 sea snakes
  3 salamander mystics
  7 deep trolls
  4 lindwurms
  5 naga ritualists
  3 deep elf pyromancers
  A deep elf archer (Elf:3)
  8 harpies
  The ghost of Newt the Skirmisher, a novice KoHu of Hepliaklqana (D:7)
  6 orc knights
  A wizard (Vaults:2)
  6 deep elf zephyrmancers
  An oklob plant (Lair:1)
  16 salamanders
  3 manticores
  8 orc sorcerers
  A wolf spider (D:14)
  9 mana vipers
  6 fauns
  5 ugly things
  6 cyclopes
  2 shining eyes
  A moth of wrath (D:11)
  6 elephants (Lair:5)
  A water nymph (shapeshifter) (Vaults:2)
  2 guardian serpents
  27 black mambas
  6 merfolk sirens
  5 water nymphs
  11 naga magi
  20 cane toads
  A gargoyle (D:14)
  2 molten gargoyles (D:12)
  An unseen horror (D:13)
  A freezing wraith (D:15)
  An unseen horror (shapeshifter) (Elf:1)
  6 yaktaurs
  2 rime drakes (Lair:5)
  3 tengu conjurers
  2 efreet
  An ancient zyme (D:7)
  6 komodo dragons
  A red devil (Orc:2)
  A hellwing (Orc:2)
  3 meliai (D:15)
  9 trolls
  6 merfolk
  3 polar bears
  2 tyrant leeches (Lair:5)
  A hornet (D:10)
  4 dream sheep
  26 blink frogs
  5 snapping turtles
  20 slime creatures
  A fire dragon skeleton (Crypt:1)
  A shadow (D:11)
  3 spriggans (Lair:3)
  3 wraiths
  An air elemental (Elf:1)
  3 wyverns
  26 yaks
  9 fire bats
  7 vampire mosquitoes
  A redback (shapeshifter) (D:14)
  4 steam dragons
  A human (shapeshifter) (D:14)
  3 basilisks
  32 nagas
  3 acid dragons
  A warg (D:11)
  30 orc warriors
  8 water moccasins
  2 sky beasts (D:7)
  2 black bears
  2 ice beasts
  An ice beast (shapeshifter) (Elf:1)
  7 centaurs
  19 wolves
  7 ogres
  The ghost of halvedace the Conjurer, an amateur DrCj (D:4)
  2 lemures (D:9)
  A phantom (D:6)
  2 small abominations (D:7)
  A rime drake skeleton (Crypt:1)
  16 bullfrogs
  A scorpion (D:4)
  6 wights
  Dowan (D:5)
  7 killer bees
  9 electric eels
  15 lava snakes
  A hound (D:5)
  A quasit (D:7)
  18 orc priests
  An iguana (D:7)
  3 jellies
  2 sleepcaps
  15 orc wizards
  A centaur simulacrum (D:10)
  4 gnolls
  7 adders
  2 white imps (D:6)
  3 ufetubi
  3 worms
  2 dart slugs
  72 orcs
  5 ball pythons
  6 endoplasms
  2 giant cockroaches
  2 goblins
  2 hobgoblins
  5 jackals
  3 quokkas
  A bat (D:2)
  A frilled lizard (D:1)
  4 kobolds
  2 rats
  3 bushes (Lair:2)
  2 butterflies (D:4)
878 creatures vanquished.

Vanquished Creatures (others)
  A lich (Vaults:5)
  An acid blob (Slime:1)
  An azure jelly (Coc:5)
  A fire giant (Depths:4)
  An ironbound preserver (Vaults:2)
  A merfolk impaler (Shoals:2)
  Erolcha (D:9)
  2 hydras
  Erica (D:9)
  A merfolk aquamancer (Shoals:2)
  3 boulder beetles
  A hell hog (Hell)
  7 two-headed ogres
  2 naga warriors
  A death yak (Shoals:3)
  A skeletal warrior (D:11)
  A wizard (D:15)
  Pikel (D:9)
  A deep elf zephyrmancer (Elf:2)
  3 mana vipers
  An orc knight (Orc:2)
  3 cyclopes (D:11)
  An orc sorcerer (Orc:2)
  A manticore (D:12)
  A guardian serpent (Snake:2)
  A naga mage (Snake:1)
  A centaur skeleton (Crypt:3)
  A cane toad (Lair:1)
  Grinder (D:5)
  3 slime creatures (D:12)
  A dream sheep (Lair:5)
  A blink frog (Lair:5)
  2 water elementals (Shoals:2)
  2 wraiths (D:11)
  Grum (D:9)
  A steam dragon (Lair:1)
  A vampire mosquito (D:11)
  2 harpy simulacra (Coc:6)
  3 nagas
  A swamp worm (shapeshifter) (Depths:2)
  A floating eye (Depths:1)
  Duvessa (D:5)
  3 ice beasts
  A black bear (D:4)
  3 orc warriors
  An ettin simulacrum (Coc:6)
  A lemure (D:9)
  Blork the orc (D:5)
  A phantom (D:5)
  A bullfrog (D:8)
  10 wights
  3 killer bees (D:8)
  98 jellies
  A hound (D:5)
  An orc priest (Orc:2)
  A gnoll bouda (D:5)
  An orc wizard (D:9)
  A hell rat (Hell)
  3 gnolls (D:5)
  2 white imps
  An orc (Orc:1)
  3 fire vortices (D:13)
  43 fungi
  315 plants
  45 snaplasher vines
  7 tentacles (Shoals:3)
610 creatures vanquished.

Grand Total: 2940 creatures vanquished

Notes
Turn   | Place    | Note
-------+----------+-------------------------------------------
     0 | D:1      | cforsyth the Octopode Summoner began the quest for the Orb.
     0 | D:1      | Reached XP level 1. HP: 11/11 MP: 3/3
   273 | D:1      | Reached XP level 2. HP: 17/17 MP: 1/5
   276 | D:1      | Learned a level 2 spell: Call Imp
   803 | D:2      | Reached XP level 3. HP: 8/21 MP: 1/6
   808 | D:2      | Learned a level 3 spell: Call Canine Familiar
  1488 | D:2      | Reached XP level 4. HP: 27/27 MP: 4/8
  1492 | D:2      | Learned a level 3 spell: Summon Guardian Golem
  1660 | D:3      | Found a faded altar of an unknown god.
  1781 | D:3      | Found a blossoming altar of Fedhas.
  1781 | D:3      | Found a sacrificial altar of Ru.
  1781 | D:3      | Found a radiant altar of Vehumet.
  1781 | D:3      | Found a shimmering blue altar of Sif Muna.
  1781 | D:3      | Found a stormy altar of Qazlal.
  1784 | D:3      | Found a hide-covered altar of Uskayaw.
  1940 | D:3      | Found Naw Leug's Antique Armour Shop.
  1978 | D:3      | Found Laphej's Book Emporium.
  2007 | D:3      | Reached skill level 1 in Hexes
  2007 | D:3      | Reached skill level 5 in Summonings
  2071 | D:3      | Found Qesuphip's Armour Shop.
  2275 | D:3      | Reached XP level 5. HP: 24/31 MP: 3/10
  2462 | D:3      | Found Cicofir's Antique Armour Emporium.
  2590 | D:3      | Found Xiduinat's Magic Scroll Boutique.
  2874 | D:4      | Found Luocw's Antique Armour Boutique.
  3008 | D:4      | Found a shimmering altar of Xom.
  3129 | D:4      | Found a transporter.
  3137 | D:4      | Found a transporter.
  3137 | D:4      | Noticed halvedace's ghost (amateur DrCj)
  3156 | D:4      | Reached XP level 6. HP: 36/36 MP: 3/11
  3624 | D:4      | Noticed a black bear
  3640 | D:4      | Killed a black bear
  3862 | D:4      | Learned a level 4 spell: Summon Lightning Spire
  3934 | D:5      | Entered Level 5 of the Dungeon
  3934 | D:5      | Noticed a black bear
  4154 | D:5      | Noticed a water moccasin
  4171 | D:5      | Killed a water moccasin
  4172 | D:5      | Reached skill level 1 in Air Magic
  4172 | D:5      | Reached XP level 7. HP: 41/41 MP: 2/13
  4175 | D:5      | Noticed Blork the orc
  4176 | D:5      | Noticed Duvessa
  4183 | D:5      | Noticed Dowan
  4655 | D:5      | Reached XP level 8. HP: 41/46 MP: 9/15
  4713 | D:5      | Killed Blork the orc
  4714 | D:5      | Reached skill level 5 in Spellcasting
  4896 | D:5      | Killed Duvessa
  4908 | D:5      | Killed Dowan
  5424 | D:5      | Noticed Grinder
  5459 | D:5      | Killed Grinder
  5803 | D:5      | Found a glowing silver altar of Zin.
  5829 | D:5      | Found a bloodstained altar of Trog.
  6207 | D:6      | Reached XP level 9. HP: 51/51 MP: 11/18
  6313 | D:6      | Found a staircase to the Ecumenical Temple.
  6323 | Temple   | Entered the Ecumenical Temple
  6341 | Temple   | Became a worshipper of Gozag Ym Sagoz the Greedy
  6559 | D:6      | Found a shadowy altar of Dithmenos.
  6735 | D:6      | Reached skill level 5 in Air Magic
  7158 | D:7      | Found a transporter.
  7177 | D:7      | Found a one-way gate to the infinite horrors of the Abyss.
  7177 | D:7      | Noticed Newt's ghost (novice KoHu)
  7188 | D:7      | Found a transporter.
  7191 | D:7      | Noticed an ancient zyme
  7757 | D:7      | Noticed a two-headed ogre
  7794 | D:7      | Killed a two-headed ogre
  7940 | D:7      | Reached XP level 10. HP: 56/56 MP: 10/22
  8963 | D:8      | Noticed a two-headed ogre
  9016 | D:8      | Killed a two-headed ogre
  9017 | D:8      | Reached skill level 10 in Summonings
  9538 | D:8      | Found a broken altar of Ashenzari.
  9726 | D:8      | Noticed a two-headed ogre
  9742 | D:8      | Killed a two-headed ogre
 10472 | D:9      | Noticed Pikel
 10515 | D:9      | Noticed Grum
 10526 | D:9      | Killed Grum
 10765 | D:9      | Reached XP level 11. HP: 61/61 MP: 18/24
 10808 | D:9      | Found a white marble altar of Elyvilon.
 10816 | D:9      | Noticed Erolcha
 10847 | D:9      | Killed Erolcha
 10848 | D:9      | Reached skill level 10 in Spellcasting
 11463 | D:9      | Noticed Erica
 11479 | D:9      | Killed Erica
 11756 | D:9      | Killed Pikel
 12132 | D:9      | Found a glowing golden altar of the Shining One.
 12210 | D:10     | Entered Level 10 of the Dungeon
 12252 | D:10     | Reached skill level 1 in Fighting
 12564 | D:10     | Reached skill level 3 in Dodging
 12703 | D:10     | Found an iron altar of Okawaru.
 12923 | D:10     | Found a staircase to the Lair.
 13085 | D:10     | Found a runed translucent door.
 13085 | D:10     | Noticed a boulder beetle
 13115 | D:10     | Killed a boulder beetle
 13116 | D:10     | Reached skill level 4 in Dodging
 13443 | D:10     | Noticed a deep elf pyromancer
 13443 | D:10     | Noticed a red ugly thing
 13443 | D:10     | Noticed an ettin
 13444 | D:10     | Noticed a two-headed ogre
 13488 | D:11     | Noticed a cyan ugly thing
 13505 | D:11     | Killed a cyan ugly thing
 13557 | D:11     | Noticed kiwi3s's ghost (journeyman MiBe)
 13557 | D:11     | Noticed a tengu warrior
 13557 | D:11     | Noticed a two-headed ogre
 13561 | D:11     | Noticed a moth of wrath
 13603 | D:11     | Found a bloodstained altar of Trog.
 13617 | D:11     | Noticed a skeletal warrior
 13624 | D:11     | Noticed a death knight
 13626 | D:11     | Found a transporter.
 13635 | D:11     | Reached skill level 5 in Dodging
 13639 | D:11     | Killed a death knight
 13650 | D:11     | Reached skill level 5 in Fighting
 13673 | D:11     | Killed a skeletal warrior
 13674 | D:11     | Reached XP level 12. HP: 42/77 MP: 4/26
 13803 | D:11     | Found a transporter.
 13876 | D:11     | Noticed a boulder beetle
 13895 | D:11     | Killed a boulder beetle
 13896 | D:11     | Reached skill level 6 in Dodging
 14089 | D:11     | Noticed a two-headed ogre
 14100 | D:11     | Killed a two-headed ogre
 14354 | D:11     | Reached skill level 7 in Dodging
 14382 | D:11     | Found a staircase to the Orcish Mines.
 14411 | D:11     | Noticed a boulder beetle
 14418 | D:11     | Killed a boulder beetle
 14539 | D:11     | Noticed a boulder beetle
 14573 | D:11     | Killed a boulder beetle
 14907 | D:11     | Noticed a boulder beetle
 14907 | D:11     | Noticed a boulder beetle
 14907 | D:11     | Noticed a catoblepas
 14907 | D:11     | Noticed an eight-headed hydra
 14954 | D:11     | Killed a boulder beetle
 14999 | D:11     | Killed a boulder beetle
 15000 | D:11     | Reached skill level 8 in Dodging
 15009 | D:11     | Killed an eight-headed hydra
 15169 | D:11     | Killed a catoblepas
 15369 | D:11     | Identified the +5 ring mail of Calculation {rF+ Will++
                  | Slay+5}
 15619 | D:12     | Reached skill level 9 in Dodging
 15836 | D:12     | Found a sacrificial altar of Ru.
 16213 | D:12     | Reached XP level 13. HP: 90/90 MP: 25/27
 17066 | D:12     | Reached skill level 10 in Dodging
 17482 | Lair:1   | Entered Level 1 of the Lair of Beasts
 17872 | Lair:1   | Learned a level 6 spell: Summon Cactus Giant
 17893 | Lair:1   | Reached skill level 10 in Fighting
 18253 | Lair:1   | Found a hazy altar of Hepliaklqana.
 18598 | Lair:1   | Found a bloodstained altar of Trog.
 18966 | Lair:1   | Bought a Fen Folio for 588 gold pieces
 18973 | Lair:1   | Learned a level 5 spell: Summon Forest
 19199 | Lair:2   | Found a staircase to the Snake Pit.
 19532 | Lair:2   | Reached skill level 1 in Translocations
 20330 | Lair:2   | Identified the +1 helmet of the Six Hurtling Seers {Dex+3}
 20454 | Lair:3   | Found a staircase to the Shoals.
 20854 | Lair:3   | Noticed Rupert
 21099 | Lair:3   | Reached skill level 11 in Dodging
 21440 | Lair:3   | Reached XP level 14. HP: 74/101 MP: 10/29
 21559 | Lair:3   | Killed Rupert
 22684 | Lair:4   | Found a staircase to the Slime Pits.
 23208 | Lair:5   | Entered Level 5 of the Lair of Beasts
 24781 | Lair:5   | Reached skill level 12 in Dodging
 24914 | Lair:5   | Identified the +9 war axe of the Blind Eye {holy, rPois
                  | Will+ Int+2}
 25750 | Lair:1   | Bought the ring of the Vendetta {rC+ rN+++ Int+6 Dex-2
                  | Stlth+} for 1183 gold pieces
 25803 | Orc:1    | Entered Level 1 of the Orcish Mines
 25821 | Orc:1    | Reached XP level 15. HP: 111/111 MP: 13/30
 25912 | Orc:1    | Found a dark tunnel.
 25924 | Volcano  | Entered a volcano
 26480 | Volcano  | Found a bloodstained altar of Trog.
 27000 | Orc:2    | Entered Level 2 of the Orcish Mines
 27282 | Orc:2    | Noticed Urug
 27289 | Orc:2    | Killed Urug
 28065 | Orc:2    | Found Reshrody's General Store.
 28071 | Orc:2    | Found Osaqa's Distillery.
 28433 | Orc:2    | Reached skill level 13 in Dodging
 28481 | Orc:2    | Reached skill level 15 in Fighting
 28830 | Orc:2    | Found Yrousch's Jewellery Shop.
 28830 | Orc:2    | Found Ufinn's Antique Armour Boutique.
 28831 | Orc:2    | Found a one-way gate leading to the halls of Pandemonium.
 28959 | Orc:2    | Found a staircase to the Elven Halls.
 29567 | D:4      | Killed halvedace's ghost
 30036 | D:7      | Killed Newt's ghost
 30721 | D:11     | Killed kiwi3s's ghost
 31435 | D:13     | Reached XP level 16. HP: 105/124 MP: 13/31
 31765 | D:13     | Reached skill level 1 in Transmutations
 32011 | D:13     | Found Suta's Distillery.
 32742 | D:13     | Reached skill level 5 in Transmutations
 34070 | D:14     | Found a gate to the Vaults.
 34499 | Lair:1   | Bought an Inescapable Atlas for 544 gold pieces
 34675 | D:15     | Entered Level 15 of the Dungeon
 34721 | D:15     | Found a flickering gateway to a bazaar.
 34733 | Bazaar   | Entered a bazaar
 34733 | Bazaar   | Found Muuxzaipt's Distillery.
 34733 | Bazaar   | Found Zifept's General Store.
 34760 | Bazaar   | Found Fuasieg's Book Emporium.
 34760 | Bazaar   | Found Mudustra's Antique Weapon Emporium.
 34783 | Bazaar   | Bought a potion of experience for 400 gold pieces
 34784 | Bazaar   | Reached XP level 17. HP: 129/129 MP: 32/32
 34790 | Bazaar   | Bought a transparent rapier for 171 gold pieces
 34790 | Bazaar   | Identified the +10 rapier of Uskayaw's Indignation {speed,
                  | *Noise rF++ Dex+6} (You bought it in a shop in a bazaar)
 34796 | Bazaar   | Bought a Grand Grimoire for 476 gold pieces
 36254 | D:15     | Found a staircase to the Depths.
 36297 | D:15     | Learned a level 7 spell: Storm Form
 36527 | Snake:1  | Entered Level 1 of the Snake Pit
 36605 | Snake:1  | Identified the +1 sling of Might {freeze, rPois rF- Will+
                  | rCorr}
 37222 | Snake:1  | Reached skill level 10 in Transmutations
 38663 | Snake:2  | Noticed Agnes
 38664 | Snake:2  | Reached XP level 18. HP: 135/135 MP: 18/33
 38668 | Snake:2  | Noticed Louise
 38670 | Snake:2  | Noticed Jorgrun
 38672 | Snake:2  | Killed Agnes
 38989 | Snake:2  | Killed Louise
 39146 | Snake:2  | Killed Jorgrun
 39378 | Snake:2  | Reached skill level 10 in Air Magic
 42051 | Snake:4  | Entered Level 4 of the Snake Pit
 42265 | Snake:4  | Found a large runed translucent door.
 42265 | Snake:4  | Found a large runed translucent door.
 42267 | Snake:4  | Found Heoth's Assorted Antiques.
 42771 | Snake:4  | Noticed Rudyous's ghost (adept DjFE)
 43073 | Snake:4  | Found Zoliaheu's Magic Scroll Shop.
 43323 | Snake:4  | Found an ornate altar of the Wu Jian Council.
 44375 | Snake:4  | Reached XP level 19. HP: 141/141 MP: 24/34
 44546 | Snake:4  | Got a serpentine rune of Zot
 44682 | Snake:4  | Found Xolykaph's Distillery.
 44822 | Snake:4  | Killed Rudyous's ghost
 44829 | Snake:4  | Identified the +0 chain mail "Ylodook" {Fly Str+2 Dex+4
                  | Stlth-}
 45106 | Shoals:1 | Entered Level 1 of the Shoals
 45506 | Shoals:1 | Identified the ring "Tamul" {Wiz Drain rElec rC++ Slay+5}
 46018 | Shoals:1 | Found Boizec's Magic Scroll Shoppe.
 46757 | Shoals:2 | Noticed Ilsuiw
 46781 | Shoals:2 | Reached skill level 15 in Transmutations
 46823 | Shoals:1 | Killed Ilsuiw
 47301 | Shoals:2 | Learned a level 4 spell: Manifold Assault
 48859 | Shoals:3 | Noticed Polyphemus
 48882 | Shoals:3 | Killed Polyphemus
 48883 | Shoals:3 | Reached skill level 15 in Air Magic
 49029 | Shoals:3 | Reached skill level 1 in Unarmed Combat
 49635 | Shoals:4 | Entered Level 4 of the Shoals
 49737 | Shoals:4 | Found the amulet of the Four Winds {rN+ Will+++ Clar}
 49753 | Shoals:4 | Reached XP level 20. HP: 131/147 MP: 30/35
 49770 | Shoals:4 | Got the Spellbook of Leaden Sciomancy
 49840 | Shoals:4 | Reached skill level 14 in Dodging
 50215 | Shoals:4 | Reached skill level 5 in Unarmed Combat
 50409 | Shoals:4 | Identified the ring "Gulecuhako" {rN+ Will+ EV+5 Stlth+}
 51453 | Shoals:4 | Got a barnacled rune of Zot
 52182 | Vaults:1 | Entered Level 1 of the Vaults
 52592 | Vaults:1 | Reached skill level 15 in Dodging
 53119 | Vaults:1 | Reached skill level 10 in Unarmed Combat
 53159 | Vaults:1 | Identified the +5 dagger of Spite {freeze, Str+5 Int-4
                  | Dex+5}
 53280 | Vaults:1 | Reached skill level 5 in Translocations
 53723 | Vaults:1 | Identified the +6 great sword "Qamis" {holy, *Slow rPois
                  | rC++ SInv}
 54530 | Vaults:2 | Noticed Sojobo
 54741 | Vaults:1 | Paralysed by an air elemental for 1 turns
 54757 | Vaults:1 | Killed Sojobo
 55365 | Vaults:2 | Reached XP level 21. HP: 153/153 MP: 22/36
 55754 | Vaults:2 | Reached skill level 16 in Dodging
 56221 | Vaults:2 | Found Ahochole's Antique Armour Shoppe.
 57465 | Vaults:3 | Noticed Mennas
 58024 | Vaults:3 | Killed Mennas
 58658 | Vaults:3 | Reached skill level 17 in Dodging
 58944 | Vaults:3 | Noticed Mara
 58957 | Vaults:3 | Killed Mara
 59096 | Vaults:3 | Found a staircase to the Crypt.
 59540 | Vaults:4 | Reached XP level 22. HP: 143/160 MP: 30/37
 59555 | Vaults:4 | Reached skill level 10 in Translocations
 59937 | Vaults:4 | Found a huge runed gate.
 59937 | Vaults:4 | Found a huge runed gate.
 59937 | Vaults:4 | Found a huge runed gate.
 59938 | Vaults:4 | Found a huge runed gate.
 59938 | Vaults:4 | Found a huge runed gate.
 59938 | Vaults:4 | Found a huge runed gate.
 59939 | Vaults:4 | Found a huge runed gate.
 59939 | Vaults:4 | Found a huge runed gate.
 59939 | Vaults:4 | Found a huge runed gate.
 59939 | Vaults:4 | Found a huge runed gate.
 59943 | Vaults:4 | Found a huge runed gate.
 59943 | Vaults:4 | Found a huge runed gate.
 59943 | Vaults:4 | Found a huge runed gate.
 59943 | Vaults:4 | Found a huge runed gate.
 59943 | Vaults:4 | Found a huge runed gate.
 59943 | Vaults:4 | Found a huge runed gate.
 59944 | Vaults:4 | Found a huge runed gate.
 59945 | Vaults:4 | Found a huge runed gate.
 59946 | Vaults:4 | Found a huge runed gate.
 59954 | Vaults:4 | Found a huge runed gate.
 59954 | Vaults:4 | Found a huge runed gate.
 59954 | Vaults:4 | Found a huge runed gate.
 59954 | Vaults:4 | Found a huge runed gate.
 59954 | Vaults:4 | Found a huge runed gate.
 59954 | Vaults:4 | Found a huge runed gate.
 59955 | Vaults:4 | Found a huge runed gate.
 59959 | Vaults:4 | Found a huge runed gate.
 59960 | Vaults:4 | Found a huge runed gate.
 59968 | Vaults:4 | Found a huge runed gate.
 59968 | Vaults:4 | Found a huge runed gate.
 59968 | Vaults:4 | Found a huge runed gate.
 59968 | Vaults:4 | Found a huge runed gate.
 59968 | Vaults:4 | Found a huge runed gate.
 59968 | Vaults:4 | Found a huge runed gate.
 59969 | Vaults:4 | Found a huge runed gate.
 59970 | Vaults:4 | Found a huge runed gate.
 60115 | Vaults:4 | Noticed Boris
 60127 | Vaults:4 | Killed Boris
 60349 | Vaults:4 | Found a huge runed gate.
 60349 | Vaults:4 | Found a huge runed gate.
 60356 | Vaults:4 | Found a huge runed gate.
 60371 | Vaults:4 | Found a huge runed gate.
 60371 | Vaults:4 | Found a huge runed gate.
 60380 | Vaults:4 | Found a huge runed gate.
 60462 | Vaults:4 | Found a huge runed gate.
 60908 | Vaults:4 | Found a huge runed gate.
 60909 | Vaults:4 | Found a huge runed gate.
 60909 | Vaults:4 | Found a huge runed gate.
 60909 | Vaults:4 | Found a huge runed gate.
 60909 | Vaults:4 | Found a huge runed gate.
 60909 | Vaults:4 | Found a huge runed gate.
 60910 | Vaults:4 | Found a huge runed gate.
 60911 | Vaults:4 | Found a huge runed gate.
 60912 | Vaults:4 | Found a huge runed gate.
 60913 | Vaults:4 | Found a huge runed gate.
 60922 | Vaults:4 | Found a huge runed gate.
 60922 | Vaults:4 | Found a huge runed gate.
 60922 | Vaults:4 | Found a huge runed gate.
 60922 | Vaults:4 | Found a huge runed gate.
 60922 | Vaults:4 | Found a huge runed gate.
 60922 | Vaults:4 | Found a huge runed gate.
 60923 | Vaults:4 | Found a huge runed gate.
 60924 | Vaults:4 | Found a huge runed gate.
 60925 | Vaults:4 | Found a huge runed gate.
 60933 | Vaults:4 | Found a huge runed gate.
 60933 | Vaults:4 | Found a huge runed gate.
 60933 | Vaults:4 | Found a huge runed gate.
 60933 | Vaults:4 | Found a huge runed gate.
 60933 | Vaults:4 | Found a huge runed gate.
 60933 | Vaults:4 | Found a huge runed gate.
 60934 | Vaults:4 | Found a huge runed gate.
 60935 | Vaults:4 | Found a huge runed gate.
 60936 | Vaults:4 | Found a huge runed gate.
 60944 | Vaults:4 | Found a huge runed gate.
 61559 | Vaults:4 | Noticed Zissick's ghost (adept MiBr)
 61559 | Vaults:4 | Noticed a dread lich
 61559 | Vaults:4 | Noticed Iluymox's ghost (adept KoBr)
 61559 | Vaults:4 | Noticed Joextigh's ghost (veteran KoHu)
 61559 | Vaults:4 | Noticed Feshunla's ghost (adept KoEn)
 61559 | Vaults:4 | Identified the +2 hand axe of the Inferno {venom, Will+}
 61560 | Vaults:4 | Noticed Pileu's ghost (adept DsFE)
 61560 | Vaults:4 | Noticed Reyb's ghost (veteran DsGl)
 61563 | Vaults:4 | Noticed Naox's ghost (adept KoAr)
 61740 | Vaults:4 | Killed a dread lich
 61750 | Vaults:4 | Killed Pileu's ghost
 61907 | Vaults:4 | Killed Reyb's ghost
 62077 | Vaults:4 | Killed Naox's ghost
 62173 | Vaults:4 | Killed Feshunla's ghost
 62208 | Vaults:4 | Killed Iluymox's ghost
 62762 | Vaults:4 | Killed Zissick's ghost
 62929 | Vaults:4 | Got Coumommi's Volume of Enchantment
 62937 | Vaults:4 | Learned a level 5 spell: Summon Mana Viper
 62940 | Vaults:4 | Got Sif Muna's Guide on Relocation
 63007 | Vaults:4 | Killed Joextigh's ghost
 63211 | Vaults:4 | Reached skill level 18 in Dodging
 64465 | Elf:1    | Entered Level 1 of the Elven Halls
 64489 | Elf:1    | Upgraded the game from 0.30-a0-1016-gfb0d676c02 to
                  | 0.30-a0-1018-g25214051b3
 64663 | Elf:1    | Paralysed by an air elemental for 1 turns
 64835 | Elf:1    | Found Budip's Distillery.
 65256 | Elf:1    | Reached skill level 15 in Unarmed Combat
 65943 | Elf:2    | Found a runed translucent gate.
 65949 | Elf:2    | Found a runed translucent gate.
 65949 | Elf:2    | Found a runed translucent gate.
 66020 | Elf:2    | Reached XP level 23. HP: 166/166 MP: 38/38
 66287 | Elf:2    | Found Fonae's General Store.
 67336 | Elf:3    | Entered Level 3 of the Elven Halls
 67655 | Elf:3    | Noticed Donald
 67667 | Elf:3    | Killed Donald
 67910 | Elf:3    | Found Samp's CLEARANCE SALE!.
 68038 | Elf:3    | Identified the ring "Comn" {rPois rN+ Will+ Stlth+}
 68896 | Elf:3    | Identified the +9 plate armour of Fun {Rampage Str+3}
 69456 | Elf:3    | Identified the +1 arbalest of Duty {flame, *Corrode rElec
                  | Dex+4}
 69468 | Elf:3    | Identified the +10 whip "Bunettets" {heavy, rElec rN+
                  | Str+2}
 69503 | Elf:3    | Identified the staff of cold "Hutosch" {rC+ Dex+5}
 69994 | Vaults:5 | Entered Level 5 of the Vaults
 70184 | Vaults:4 | Reached skill level 19 in Dodging
 70704 | Vaults:5 | Identified the +3 flail of Qazlal's Benevolence {flame,
                  | Drain Fly rElec Will++}
 70733 | Vaults:5 | Identified the ring "Teal" {Ice Int+4}
 71206 | Vaults:5 | Identified the ring of Zozxiqa {rC- Str+3 Dex+6 SInv}
 71252 | Vaults:5 | Identified the ring "Pafor" {Fly rC+ Will+}
 71256 | Vaults:5 | Found the ring of the Octopus King {rCorr HP+2 AC+2 EV+2
                  | SH+2}
 71266 | Vaults:4 | Reached XP level 24. HP: 47/176 MP: 30/38
 73027 | Vaults:5 | Identified the +7 shortbow "Kadua" {heavy, rElec Int+3
                  | Stlth-}
 73842 | Vaults:5 | Identified the +0 hat of Crawling {*Slow Dex+4 Slay+6}
 73943 | Vaults:5 | Got a silver rune of Zot
 74161 | Vaults:5 | Noticed an ancient lich
 74203 | Vaults:5 | Killed an ancient lich
 74305 | Vaults:5 | Identified the +4 scale mail of Proximity {rN+ Will+ rCorr
                  | Dex+3}
 74315 | Vaults:5 | Reached skill level 20 in Dodging
 74316 | Vaults:5 | Identified the ring of Misotidgh {Ice *Slow rElec Int+8
                  | Slay-4}
 74502 | Vaults:5 | Identified the +3 leather armour of the Sailor {-Cast
                  | *Corrode +Blink Regen+}
 75329 | Slime:1  | Entered Level 1 of the Pits of Slime
 76057 | Slime:2  | Gained mutation: Your magical capacity is low. (-10% MP) [a
                  | shining eye]
 76062 | Slime:2  | Gained mutation: You have hidden genetic defects. [a
                  | shining eye]
 78185 | Slime:5  | Entered Level 5 of the Pits of Slime
 78437 | Slime:5  | Gained mutation: Your magical capacity is very low. (-20%
                  | MP) [a shining eye]
 78441 | Slime:5  | Noticed the Royal Jelly
 78441 | Slime:5  | Gained mutation: You are clumsy. (Dex -2) [hidden defects]
 78442 | Slime:5  | Gained mutation: You are very clumsy. (Dex -4) [a shining
                  | eye]
 78443 | Slime:5  | Gained mutation: You occasionally lose the ability to read
                  | scrolls when taking damage. [a shining eye]
 78543 | Slime:5  | Gained mutation: Your magical capacity is extremely low.
                  | (-30% MP) [a shining eye]
 78545 | Slime:4  | Gained mutation: You are weak. (Str -2) [a shining eye]
 79463 | Slime:5  | Reached XP level 25. HP: 172/186 MP: 27/27
 80019 | Slime:5  | Found a viscous altar of Jiyva.
 80020 | Slime:5  | Found the +4 consecrated labrys {holy, Valiant Fragile Fly
                  | SInv}
 80037 | Slime:5  | Gained mutation: You sometimes lose your temper in combat.
                  | [hidden defects]
 80037 | Slime:5  | Lost mutation: You have hidden genetic defects. [hidden
                  | defects expressed]
 80348 | Lair:1   | Bought the ring "Doycawic" {MP+9 Int+6 Dex-2 Slay+6 SInv}
                  | for 1132 gold pieces
 80371 | Lair:1   | Bought a bound lapis lazuli ring for 230 gold pieces
 80371 | Lair:1   | Identified the ring of the Genius {rPois Will- Str+3 Dex+3
                  | Stlth+} (You bought it in a shop on level 1 of the Lair of
                  | Beasts)
 80383 | Lair:1   | Bought the ring "Quadicku" {MP+9 Int+5} for 487 gold pieces
 80383 | Lair:1   | Bought the ring of Pudorche {Wiz rPois MP+9 Str-4 Dex-3}
                  | for 590 gold pieces
 80641 | Lair:1   | Bought Maxwell's Memoranda for 646 gold pieces
 80786 | Slime:5  | Fell from the grace of Gozag
 80786 | Slime:5  | Became a worshipper of Jiyva Jocaow the Shapeless
 81366 | Crypt:1  | Entered Level 1 of the Crypt
 81712 | Crypt:1  | Noticed Boris
 81727 | Crypt:1  | Killed Boris
 81919 | Crypt:1  | Reached * piety under Jiyva
 82215 | Crypt:1  | Reached skill level 21 in Dodging
 82886 | Crypt:1  | Reached ** piety under Jiyva
 83349 | Crypt:2  | Identified the +5 mace of the Valley {protect, Dex+3}
 84056 | Crypt:3  | Entered Level 3 of the Crypt
 84354 | Crypt:3  | Noticed Xtahua
 84365 | Crypt:3  | Killed Xtahua
 84413 | Crypt:3  | Found a staircase to the Tomb.
 84478 | Crypt:3  | Noticed Boris
 84487 | Crypt:3  | Killed Boris
 84594 | Crypt:3  | Reached *** piety under Jiyva
 84801 | Crypt:3  | Noticed a dread lich
 84810 | Crypt:3  | Killed a dread lich
 84811 | Crypt:3  | Reached XP level 26. HP: 197/197 MP: 27/27
 84846 | Crypt:3  | Identified the staff of death "Hehuubri" {rF- rN+ Will+
                  | Dex+5 SInv}
 84849 | Crypt:3  | Got the Exposition on Last Rites
 84876 | Crypt:3  | Identified the +7 morningstar of Evil {drain, Str-5 Dex+3
                  | SInv}
 84878 | Crypt:3  | Identified the staff of fire "Xomer" {Contam rPois rF+
                  | rCorr Stlth+}
 84972 | Crypt:3  | Lost mutation: You are very clumsy. (Dex -4) [Jiyva's
                  | grace]
 84972 | Crypt:3  | Lost mutation: Your magical capacity is extremely low.
                  | (-30% MP) [Jiyva's grace]
 84972 | Crypt:3  | Lost mutation: Your magical capacity is very low. (-20% MP)
                  | [Jiyva's grace]
 84972 | Crypt:3  | Lost mutation: You occasionally lose the ability to read
                  | scrolls when taking damage. [Jiyva's grace]
 84972 | Crypt:3  | Gained mutation: Your melee attacks may engulf your foes in
                  | ooze. [Jiyva's grace]
 84972 | Crypt:3  | Gained mutation: Your flesh is cold resistant. (rC+)
                  | [Jiyva's grace]
 84972 | Crypt:3  | Gained mutation: Your flesh is very cold resistant. (rC++)
                  | [Jiyva's grace]
 84972 | Crypt:3  | Gained mutation: Your flesh is almost immune to the effects
                  | of cold. (rC+++) [Jiyva's grace]
 85052 | Crypt:3  | Noticed Jory
 85064 | Crypt:3  | Killed Jory
 85112 | Crypt:3  | Found a basalt altar of Yredelemnul.
 85512 | Crypt:3  | Identified the +0 scale mail of Qajeno {Regen+ Int+4 Dex-5}
 85729 | Depths:1 | Entered Level 1 of the Depths
 85742 | Depths:1 | Reached skill level 22 in Dodging
 85757 | Depths:1 | Found Usurozod's Antique Armour Shop.
 85785 | Depths:1 | Found Kihew's Antique Weapon Shop.
 85785 | Depths:1 | Found Peosh's Weapon Boutique.
 85790 | Depths:1 | Found Baet Leri's General Store.
 85883 | Depths:1 | Reached **** piety under Jiyva
 86093 | Depths:1 | Found a gateway to Hell.
 86104 | Depths:1 | Learned a level 8 spell: Maxwell's Capacitive Coupling
 86133 | Depths:1 | Found a one-way gateway to a ziggurat.
 86144 | Depths:1 | Noticed a juggernaut
 86160 | Depths:1 | Killed a juggernaut
 86230 | Depths:1 | Found Iprusu's Weapon Boutique.
 86528 | Depths:2 | Noticed Asterion
 86536 | Depths:2 | Killed Asterion
 86798 | Depths:2 | Identified the +0 ring mail "Icleat" {Fly rPois Int+5}
 86978 | Depths:2 | Found the +9 sword of Zonguldrok {reap}
 87480 | Depths:2 | Found a blossoming altar of Fedhas.
 88088 | Depths:3 | Found an ornate altar of the Wu Jian Council.
 88148 | Depths:3 | Identified the +5 demon blade "Pezaj" {elec, rPois MP+9
                  | Int+3}
 88155 | Depths:3 | Reached XP level 27. HP: 196/205 MP: 36/36
 88373 | Depths:3 | Reached ***** piety under Jiyva
 88431 | Depths:3 | Lost mutation: You sometimes lose your temper in combat.
                  | [Jiyva's grace]
 88431 | Depths:3 | Lost mutation: You are clumsy. (Dex -2) [Jiyva's grace]
 88431 | Depths:3 | Lost mutation: You are weak. (Str -2) [Jiyva's grace]
 88431 | Depths:3 | Gained mutation: One of your tentacles bears a spike.
                  | [Jiyva's grace]
 88431 | Depths:3 | Gained mutation: One of your tentacles bears a nasty spike.
                  | [Jiyva's grace]
 88431 | Depths:3 | Gained mutation: One of your tentacles bears a large
                  | vicious spike. [Jiyva's grace]
 88431 | Depths:3 | Gained mutation: You have a pair of small antennae on your
                  | head. [Jiyva's grace]
 88511 | Depths:3 | Noticed Boris
 88552 | Depths:2 | Was forgiven by Gozag
 88709 | Depths:3 | Killed Boris
 89121 | Depths:4 | Entered Level 4 of the Depths
 89179 | Depths:4 | Noticed the Enchantress
 89201 | Depths:4 | Killed the Enchantress
 89322 | Depths:4 | Reached skill level 23 in Dodging
 89491 | Depths:4 | Found Doviapn's Weapon Boutique.
 89649 | Depths:4 | Noticed a juggernaut
 89655 | Depths:4 | Killed a juggernaut
 89699 | Depths:4 | Noticed a juggernaut
 89709 | Depths:4 | Killed a juggernaut
 90052 | Depths:4 | Found a gate to the Realm of Zot.
 90477 | Hell     | Entered the Vestibule of Hell
 90477 | Hell     | Noticed Geryon
 90820 | Hell     | Gained mutation: Your body sometimes deteriorates upon
                  | taking damage. [a cacodemon]
 90822 | Hell     | Gained mutation: You sometimes lose your temper in combat.
                  | [a cacodemon]
 90881 | Hell     | Killed Geryon
 91265 | Hell     | Found a gateway to the ashen valley of Gehenna.
 91333 | Hell     | Found a gateway to the decaying netherworld of Tartarus.
 91459 | Hell     | Found a gateway to the freezing wastes of Cocytus.
 91558 | Hell     | Found a gateway to the Iron City of Dis.
 91715 | Coc:1    | Entered Level 1 of Cocytus
 91715 | Coc:1    | You are sucked into a shaft and drop 1 floor!
 91805 | Coc:2    | Paralysed by a wendigo for 1 turns
 92188 | Coc:3    | Noticed an ancient lich
 92197 | Coc:3    | Killed an ancient lich
 92507 | Coc:4    | Noticed a dread lich
 92520 | Coc:4    | Killed a dread lich
 93427 | Coc:6    | Killed from afar by a wendigo

Illustrated notes

Levels and vault maps discovered:
D:1:      wander_arrival_estate, layout_basic
D:2:      layout_rooms, hex_large, minmay_close_crescents
D:3:      layout_loops_ring, grunt_temple_overflow_open, serial_shops,
          nicolae_diamond_shop, nicolae_square_shop, nicolae_shop_behind_doors,
          nicolae_shop_hallway_stairs, nicolae_square_shop,
          nicolae_ecumenical_oubliette, grunt_decor_clamped,
          minmay_misc_feat_secret_circle
D:4:      layout_basic, xom_butterflies, serial_shops, nicolae_take_the_stairs,
          gammafunk_ghost_arena
D:5:      layout_cave_pools, mainiacjoe_overflow_alcove_2, zin_scriptorium,
          uniq_blork_the_orc, uniq_grinder, uniq_duvessa
D:6:      layout_loops_ring, kennysheep_little_box, minmay_temple_entry_junction
D:7:      layout_loops_ring, gammafunk_ghost_abyssal_escape, grunt_potential
D:8:      layout_loops_corners, overflow_temple_1_default,
          minmay_misc_feat_encased, minmay_misc_feat_tower
D:9:      layout_grid_maze, tso_oasis_becter, nicolae_elyvilon_temple_path,
          uniq_pikel, uniq_erica, uniq_erolcha, uniq_grum
D:10:     layout_cave_pods, mainiacjoe_overflow_alcove_4, dpeg_oklobed_lair,
          fungi_pond_lemuel, minivault_13
D:11:     minmay_the_grid_triangle_9x9_rhombus_thin
          [minmay_the_grid_triangle_9x9_swiss_cheese,
          minmay_the_grid_triangle_9x9_prize_top_heavy,
          minmay_the_grid_triangle_9x9_windchime,
          minmay_the_grid_triangle_9x9_shrine], layout_stronghold, david_orc_3,
          gammafunk_ghost_wrathful_warriors
D:12:     cheibrodos_magma_flow, layout_basic, nicolae_ru_awakened_eye
D:13:     layout_irregular_city, serial_shops, shop_statue,
          hangedman_incinerator
D:14:     layout_cave_pods, david_vaults_2, minmay_misc_feat_square
D:15:     hangedman_depths_entry_civil_slaughter, layout_loops_ring,
          serial_shops, bzr_firewalk, hex_tiny
Temple:   nicolae_temple_colour_theory
Lair:1:   layout_gridlike, basic_altar, lemuel_oklob_altar, grunt_megastairs_4,
          infiniplex_staircase_pool
Lair:2:   layout_big_grid, guppyfry_snake_entry_island, grunt_megastairs_2,
          lemuel_fruit_fields, infiniplex_staircase_pool_2
Lair:3:   layout_chaotic_city, minmay_shoals_entry_centaurs, wad_woods_02,
          lemuel_fruit_fields, serial_bayou_shore_b, uniq_rupert
Lair:4:   layout_concentric_octagons, slime_entry_1, serial_forest,
          infiniplex_forest_straight_2, infiniplex_forest_lined_2,
          infiniplex_forest_lined_room_2, infiniplex_forest_end_3,
          infiniplex_forest_clump_diagonal, infiniplex_forest_lined_room_2
Lair:5:   minmay_lair_end_frog_pond, layout_regular_city
Shoals:1: layout_shoals, serial_shops, shop_fountains
Shoals:2: layout_shoals, nicolae_shoals_water_shrine, uniq_ilsuiw
Shoals:3: layout_shoals, uniq_polyphemus
Shoals:4: shoals_end_grunt_ice, layout_shoals, shoal_ilsuiw
Snake:1:  layout_misc_corridors, nicolae_integral_box, serial_bayou_shore_a
Snake:2:  layout_onion_interference, uniq_louise, uniq_jorgrun, uniq_agnes
Snake:3:  layout_layer_cave
Snake:4:  snake_pit_salamanders_mu, layout_basic, ebering_ghost_disaster_area,
          serial_shops, shop, nicolae_shop_statue_plus, shop, basic_altar
Slime:1:  cheibrodos_slime_lost_civilization_3, layout_caves
Slime:2:  layout_caves
Slime:3:  nicolae_slime_pool, layout_caves
Slime:4:  layout_caves
Slime:5
Orc:1:    layout_diamond_mine, nicolae_volcano_entry_two_sided
Orc:2:    pf_orc_diabolical, layout_diamond_mine, uniq_urug
Elf:1:    layout_gridlike, serial_shops, nicolae_shop_stone,
          serial_corexii_hall, corexii_hall_statues_x, corexii_hall_statues_s,
          chequers_hall_statues_y, corexii_hall_statues_u,
          chequers_hall_statues_y, corexii_hall_statues_l,
          kennysheep_underground_church, amcnicky_mini_rare_corridor_liquid
Elf:2:    nicolae_elf_blades_splatter_lattice
          [nicolae_blade_entry_area_security], layout_loops_cross, serial_shops,
          nicolae_square_shop
Elf:3:    minmay_elf_hall_x, layout_gridlike, nicolae_shop_clearance,
          uniq_donald
Vaults:1: nicolae_vaults_network_s, nicolae_vaults_bisected_slash, v_misc_23,
          nicolae_vaults_quartermaster, vaults_mumra_minichess_inversion,
          nicolae_vaults_border_crossing, layout_vaults_omnigrid
Vaults:2: hangedman_vaults_slice, hangedman_vaults_slice, v_rooms_6,
          v_pattern_2, v_misc_22, nicolae_vaults_network_quincunx
          [nicolae_vaults_network_quincunx_subvault,
          nicolae_vaults_network_quincunx_subvault,
          nicolae_vaults_network_quincunx_subvault,
          nicolae_vaults_network_quincunx_subvault,
          nicolae_vaults_network_quincunx_subvault],
          vaults_standard_mumra_lines, vaults_dpeg_ring,
          nicolae_vaults_little_squares_5, nicolae_vaults_circle_grid_a,
          vaults_dpeg_emergency_exit, ontoclasm_vaults_fault,
          grunt_vaults_hallway_short, ontoclasm_vaults_twist,
          layout_vaults_omnibox, serial_shops, nicolae_square_shop, uniq_sojobo
Vaults:3: minmay_crypt_entry_simple_statues, vaults_room_fancy_cross,
          vaults_dpeg_diagonal, v_misc_24, hangedman_vaults_nails,
          nicolae_vaults_ninety_degrees, hangedman_vaults_stream,
          ontoclasm_vaults_gateway, v_misc_12, ontoclasm_vaults_ring_square,
          hangedman_vaults_stretched_pinwheel, nicolae_vaults_theta,
          hangedman_vaults_stitches, ontoclasm_vaults_idyll,
          layout_vaults_maze_bifur, uniq_mara, uniq_mennas
Vaults:4: gammafunk_ghost_door_vault, v_rooms_5,
          nicolae_vaults_little_squares_1, not_door_vault_due, v_pattern_4,
          v_misc_17, nicolae_vaults_asterisk, v_alt_pattern_2,
          nicolae_vaults_ring_of_whatevers, layout_vaults_omnicross, uniq_boris
Vaults:5: serial_shops
Crypt:1:  layout_catacombs, hex_medium
Crypt:2:  layout_misc_corridors, chequers_big_river, st_small_mortuary
Crypt:3:  due_elkab, layout_chaotic_city, tomb_entry_shell_bobbens, basic_altar,
          uniq_xtahua, uniq_jory
Depths:1: layout_big_octagon, enter_ziggurat_d, hell_entry, serial_shops,
          nicolae_shop_bloodbath_and_beyond, hangedman_cracks_in_the_wall,
          minmay_shoptagon
Depths:2: hangedman_arrow_trap, layout_basic, hell_entry, pan_entry,
          fedhas_altar_fruit_tree, kennysheep_donut,
          minmay_guarded_unrand_zonguldrok, minmay_staircase_statues,
          uniq_asterion
Depths:3: nicolae_whirlpool, layout_gridlike, hellmouth_3,
          nicolae_abyss_entry_one_way_or_another, serial_corexii_hall,
          chequers_hall_statues_wall_a, corexii_hall_statues_i,
          nicolae_wu_jian_immortal_techniques
Depths:4: grunt_zot_entry_alcove, layout_gridlike, rand_demon_pan_entry_9,
          pf_coc_iceberg, serial_shops, nicolae_lakefront_shop,
          minmay_misc_feat_columns, uniq_enchantress
Hell
Coc:1:    layout_cocytus_water_paths
Coc:2:    layout_cocytus_water_paths
Coc:3:    layout_cocytus_delve
Coc:4:    layout_ice_bergs
Coc:5:    layout_ice_bergs
Coc:6:    layout_cocytus_water_paths

Skill      XL: |  1  2  3  4  5  6  7  8  9 10 11 12 13 14 15 16 17 18 19 20 21 22 23 24 25 26 27 |
---------------+----------------------------------------------------------------------------------+-----
Spellcasting   | 3 4 6 8 9 10 11 13 14 | 14.8
Hexes          | 1 2 3 4 |  4.0
Summonings     | 5 6 7 9 11 12 13 14 | 14.1
Air Magic      | 1 2 4 5 6 9 12 15 16 17 | 17.0
Fighting       | 5 9 11 13 16 17 19 20 21 22 | 22.5
Dodging        | 5 9 11 12 13 15 17 18 19 20 21 22 23 | 23.7
Translocations | 3 6 9 10 | 10.0
Transmutations | 8 10 13 15 16 17 | 17.7
Unarmed Combat | 3 11 13 15 16 18 19 20 21 | 21.7
Stealth        | |  2.6

Action                     |  1- 3 |  4- 6 |  7- 9 | 10-12 | 13-15 | 16-18 | 19-21 | 22-24 | 25-27 || total
---------------------------+-------+-------+-------+-------+-------+-------+-------+-------+-------++-------
  Melee: Unarmed           |    59 |    20 |     5 |       |       |    85 |   925 |   899 |  1445 ||  3438
         Constrict         |    22 |     3 |     2 |     4 |    29 |     6 |     4 |     8 |     2 ||    80
         Tentacles         |    13 |     2 |     3 |     4 |    34 |    18 |     7 |     6 |     6 ||    93
         Punch             |     1 |       |       |       |     4 |     1 |    70 |   133 |   262 ||   471
         Staff             |       |       |     3 |    12 |    49 |       |       |       |       ||    64
         War axe           |       |       |       |       |    42 |    52 |    11 |    17 |    17 ||   139
         Demon blade       |       |       |       |       |       |       |       |       |     2 ||     2
   Cast: Summon Small Mamm |    20 |    16 |    26 |    26 |     6 |     2 |     1 |       |       ||    97
         Call Imp          |    12 |    15 |    14 |    21 |    13 |     6 |     1 |       |       ||    82
         Call Canine Famil |     3 |    19 |    30 |    65 |    62 |    34 |    17 |     4 |       ||   234
         Summon Guardian G |       |     2 |    19 |    81 |    60 |    40 |    16 |     1 |       ||   219
         Summon Lightning  |       |     1 |     1 |    33 |    44 |    48 |    16 |     4 |       ||   147
         Summon Cactus Gia |       |       |       |       |   107 |   123 |    58 |    54 |    13 ||   355
         Summon Forest     |       |       |       |       |    54 |    47 |    37 |    27 |    10 ||   175
         Storm Form        |       |       |       |       |       |    11 |   118 |   146 |   132 ||   407
         Manifold Assault  |       |       |       |       |       |       |    27 |    30 |   214 ||   271
         Summon Mana Viper |       |       |       |       |       |       |       |    13 |     9 ||    22
 Invoke: Call Merchant     |       |       |       |       |     3 |     1 |     1 |       |     6 ||    11
Ability: Blinkbolt         |       |       |       |       |       |       |    25 |    13 |     4 ||    42
         End Transformatio |       |       |       |       |       |       |     2 |     1 |     2 ||     5
  Evoke: Wand              |       |       |       |       |       |       |     5 |       |       ||     5
    Use: Scroll            |       |     4 |     9 |     3 |    11 |     2 |     5 |     6 |     2 ||    42
         Potion            |       |       |       |     1 |     1 |     2 |       |     7 |       ||    11
   Stab: Sleeping          |     2 |       |       |       |       |       |     1 |     7 |     5 ||    15
         Distracted        |       |     1 |       |       |     2 |       |    12 |    11 |     6 ||    32
         Betrayed ally     |       |       |       |       |       |     1 |       |       |       ||     1
         Petrified         |       |       |       |       |       |       |     3 |       |     9 ||    12
         Petrifying        |       |       |       |       |       |       |       |       |     1 ||     1
 Armour: Skin              |     7 |     2 |     1 |     4 |    22 |    48 |   327 |   239 |   246 ||   896
  Dodge: Dodged            |    42 |    24 |    31 |    41 |   190 |   294 |  1294 |  1042 |  1286 ||  4244
  Block: Other             |       |       |       |       |       |       |       |    15 |    57 ||    72

Table legend: (Time is in decaauts)
 A = Elapsed time spent in this place.
 B = Non-inter-level travel time spent in this place.
 C = Inter-level travel time spent in this place.
 D = Time resting spent in this place.
 E = Time spent auto-exploring this place.
 F = Levels seen in this place.
 G = Mean time per level.
                   A        B        C        D        E       F      G
               +--------+--------+--------+--------+--------+-----+--------+
         Total |  92673 |  87051 |   5622 |  14910 |  54705 |  60 | 1544.6 |
       Dungeon |  25322 |  22320 |   3002 |   4095 |  13859 |  15 | 1688.1 |
        Temple |    169 |    163 |      6 |      0 |    135 |   1 |  169.0 |
          Lair |   9323 |   8469 |    854 |   1035 |   5811 |   5 | 1864.6 |
        Shoals |   6803 |   6621 |    182 |    500 |   4731 |   4 | 1700.8 |
     Snake Pit |   8487 |   8359 |    128 |   1113 |   5488 |   4 | 2121.8 |
    Slime Pits |   5170 |   4988 |    182 |   1762 |   2030 |   5 | 1034.0 |
  Orcish Mines |   3027 |   2853 |    174 |    152 |   2024 |   2 | 1513.5 |
   Elven Halls |   5143 |   5032 |    111 |    201 |   3708 |   3 | 1714.3 |
        Vaults |  17075 |  16557 |    518 |   4604 |   9251 |   5 | 3415.0 |
         Crypt |   4111 |   3953 |    158 |      0 |   2972 |   3 | 1370.3 |
        Depths |   5063 |   4820 |    243 |   1077 |   2728 |   4 | 1265.8 |
          Hell |    675 |    641 |     34 |     46 |    449 |   1 |  675.0 |
       Cocytus |   1642 |   1618 |     24 |    248 |   1139 |   6 |  273.7 |
        Bazaar |     67 |     67 |      0 |      0 |     41 |   1 |   67.0 |
       Volcano |    589 |    589 |      0 |     77 |    339 |   1 |  589.0 |
               +--------+--------+--------+--------+--------+-----+--------+

Top non-repeatable levels by time:
Vaults:4: 7964 daAuts
    D:11: 3057 daAuts
Vaults:1: 3000 daAuts
 Snake:4: 2901 daAuts
  Lair:5: 2411 daAuts
Vaults:3: 2411 daAuts
   Orc:2: 2370 daAuts
 Slime:4: 2365 daAuts
  Lair:1: 2362 daAuts
    D:12: 2286 daAuts
   Elf:3: 2282 daAuts
    D:13: 2151 daAuts
 Snake:1: 2091 daAuts
Vaults:2: 2068 daAuts
  Lair:2: 2061 daAuts
